 Dungeon Crawl Stone Soup version 0.15.0-18-g9076a4f (console) character file.

222 gw the Slasher (level 5, -4/50 HPs)
             Began as a Naga Fighter on Sept 6, 2014.
             Slain by an ogre
             ... wielding a +0 giant club
              (27 damage)
             ... on Level 4 of the Dungeon.
             The game lasted 00:01:58 (3965 turns).

gw the Slasher (Naga Fighter)                       Turns: 3965, Time: 00:01:59

HP  -4/50        AC 11     Str 18      XL: 5   Next: 99%
MP   5/5         EV  3     Int  9      God:
Gold 0           SH  0     Dex 11      Spells:  0 memorised,  4 levels left

rFire  . . .     SeeInvis +     a - +0 long sword
rCold  . . .     Clarity  .     c - +0 plate armour
rNeg   . . .     rCorr    .     (no shield)
rPois  +         rRot     .     (no helmet)
rElec  .         Spirit   .     (no cloak)
SustAb .         Warding  .     e - +2 pair of gloves
rMut   .         Stasis   .     (no barding)
Gourm  .                        m - amulet of faith
MR     .....                    (no ring)
                                (no ring)

@: short of breath, very slow, not resistant to hostile enchantments, extremely
unstealthy
A: spit poison, see invisible, deformed body, poison resistance, slowness 2, AC
+1
a: Spit Poison


You were on level 4 of the Dungeon.
You were hungry.

You visited 1 branch of the dungeon, and saw 4 of its levels.

Inventory:

Hand weapons
 a - a +0 long sword (weapon)
Missiles
 b - 23 stones (quivered)
Armour
 c - a +0 plate armour (worn)
 e - a +2 pair of gloves (worn)
Comestibles
 d - 4 bread rations
 f - a slice of pizza
 k - a beef jerky
 l - a meat ration
Scrolls
 g - 3 scrolls of identify
 i - 2 scrolls of recharging
Jewellery
 m - an amulet of faith (around neck)


   Skills:
 + Level 3.9 Fighting
 * Level 4.1 Long Blades
 + Level 1.8 Throwing
 + Level 3.2 Armour
   Level 2.4 Shields


You had 4 spell levels left.
You didn't know any spells.

Dungeon Overview and Level Annotations

Branches:
Dungeon (4/15)
 Temple: D:4-7

Altars:
Dithmenos
Vehumet


Innate Abilities, Weirdness & Mutations

You cannot wear boots.
You can spit poison.
Your serpentine skin is tough (AC +1).
You have supernaturally acute eyesight.
Armour fits poorly on your strangely shaped body.
Your system is resistant to poisons.
You cover ground very slowly.


Message History

You closely miss the orc.
The orc wizard points at you and mumbles some strange words.
The puff of frost hits you! The orc hits you but does no damage.
The orc barely misses you.
ATTACK MOVE TO (-1,0)
You slash the orc!
You kill the orc!
The orc wizard hits you but does no damage.
The orc wizard gestures at you while chanting.
The puff of flame hits you! The orc hits you but does no damage.
Use which ability? (? or * to list)
Press: ? - help, Shift-Dir - straight line, f - ogre, p - orc wizard
Aim: an ogre, wielding a giant club The splash of poison hits the ogre.
The ogre is poisoned.
The ogre is lightly wounded.
You feel slightly more hungry.
The orc wizard hits you but does no damage.
The ogre hits you with a giant club!!
Ouch! That really hurt!
You die...

#... ##...
.... #..
#..###
#..<.##
#.##..#
..##.###.#
.......ON#
.......oo#
.......og
.......[##
........#
....../#
......#
######


You could see an ogre, an orc wizard, 2 orcs and a hobgoblin.

Table legend:
 A = Turns spent in this place as a percentage of turns spent in the entire game.
 B = Non-inter-level travel turns spent in this place as a percentage of non-inter-level travel turns spent in the entire game.
 C = Inter-level travel turns spent in this place as a percentage of turns spent in this place.
 D = Turns resting spent in this place as a percentage of non-inter-level travel turns spent in this place.
 E = Turns spent auto-exploring this place as a percentage of non-inter-level travel turns spent in this place.
 F = Non-inter-level travel turns spent in this place divided by the number of levels of this place that you've seen.
                   A       B       C       D       E      F
               +-------+-------+-------+-------+-------+----------------------
         Total | 100.0 | 100.0 |   1.2 |   5.8 |  14.0 | 244.5
       Dungeon | 100.0 | 100.0 |   1.2 |   5.8 |  14.0 | 244.5
               +-------+-------+-------+-------+-------+----------------------

Table legend:
 A = Kills in this place as a percentage of kills in entire the game.
 B = Kills by you in this place as a percentage of kills by you in the entire game.
 C = Kills by friends in this place as a percentage of kills by friends in the entire game.
 D = Other kills in this place as a percentage of other kills in the entire game.
 E = Experience gained in this place as a percentage of experience gained in the entire game.
 F = Experience gained in this place divided by the number of levels of this place that you have seen.
                   A       B       C       D       E      F
               +-------+-------+-------+-------+-------+----------------------
         Total | 100.0 | 100.0 |  -nan |  -nan | 100.0 |  79.5
       Dungeon | 100.0 | 100.0 |  -nan |  -nan | 100.0 |  79.5
               +-------+-------+-------+-------+-------+----------------------

Vanquished Creatures
  The ghost of SlowGraham the Chopper, an average HOAE (D:3)
  Ijyb (D:2)
  A gnoll (D:1)
  4 adders
  3 worms
  4 giant geckos
  2 orcs
  8 goblins
  7 hobgoblins
  4 jackals
  6 kobolds
  2 quokkas
  7 bats
  7 giant newts
  7 rats
64 creatures vanquished.

Vanquished Creatures (others)
  A rat (D:3)
1 creature vanquished.

Grand Total: 65 creatures vanquished

Notes
Turn   | Place    | Note
--------------------------------------------------------------
     0 | D:1      | gw, the Naga Fighter, began the quest for the Orb.
     0 | D:1      | Reached XP level 1. HP: 21/21 MP: 1/1
    93 | D:1      | Reached XP level 2. HP: 2/28 MP: 2/2
   588 | D:1      | Reached XP level 3. HP: 34/34 MP: 3/3
  1259 | D:2      | Reached skill level 1 in Throwing
  1353 | D:2      | Reached XP level 4. HP: 34/42 MP: 4/4
  1817 | D:2      | Noticed Ijyb
  1826 | D:2      | Killed Ijyb
  2464 | D:3      | Found a shadowy altar of Dithmenos.
  2637 | D:3      | Reached XP level 5. HP: 49/49 MP: 5/5
  3146 | D:3      | Noticed SlowGraham's ghost (average HOAE)
  3160 | D:3      | Killed SlowGraham's ghost
  3160 | D:3      | Reached skill level 4 in Long Blades
  3329 | D:3      | Found a radiant altar of Vehumet.
  3960 | D:4      | Noticed an ogre
  3965 | D:4      | Slain by an ogre

Action                   |  1- 3 |  4- 6 || total
-------------------------+-------+-------++-------
Melee: Long sword        |   113 |   132 ||   245
Throw: Stone             |    66 |    73 ||   139
 Abil: Spit Poison       |     6 |     7 ||    13
  Use: Potion            |     3 |     4 ||     7
       Scroll            |     3 |     4 ||     7
  Eat: Chunk             |     2 |     8 ||    10

Vault maps used:
D:1:      lightli_arrival_flooded_house
D:2:      uniq_iyjb
D:3:      fiery_altar_vehumet, first_bread, grunt_dithmenos_smoke_and_mirrors
D:4:      minmay_temple_entry_fiery, mrwooster_statue_mirror,
          minmay_misc_feat_tiny
